 Dungeon Crawl Stone Soup version 0.19.0-22-gd96e5fe (webtiles) character file.

507 evildog the Cudgeler (level 7, 0/41 HPs)
             Began as a Gargoyle Fighter on Nov 18, 2016.
             Slain by kilppis's ghost (15 damage)
             ... on level 4 of the Dungeon.
             The game lasted 00:08:17 (3680 turns).

evildog the Cudgeler (Gargoyle Fighter)             Turns: 3680, Time: 00:08:18

Health: 0/41       AC: 14    Str: 27    XL:     7   Next: 18%
Magic:  7/7        EV:  7    Int:  8    God:
Gold:   136        SH:  9    Dex:  9    Spells: 0 memorised, 6 levels left

rFire  . . .     SeeInvis .     a - +0 flail
rCold  . . .     Gourm    .     s - +1 scale mail {MR+}
rNeg   + . .     Faith    .     c - +0 shield
rPois  ∞         Spirit   .     t - +1 helmet
rElec  +         Reflect  .     (no cloak)
rCorr  +         Harm     .     (no gloves)
MR     +....                    (no boots)
Stlth  ..........               (no amulet)
                                (no ring)
                                b - ring of resist corrosion

@: mighty
A: negative energy resistance 1, electricity resistance, unbreathing,
petrification resistance, rot immunity, AC +4
a: no special abilities


You were on level 4 of the Dungeon.
You were very hungry.

You visited 1 branch of the dungeon, and saw 4 of its levels.

You collected 136 gold pieces.

Inventory:

Hand Weapons
 a - a +0 flail (weapon)
Armour
 c - a +0 shield (worn)
 s - a +1 scale mail of magic resistance (worn)
 t - a +1 helmet (worn)
Jewellery
 b - a ring of resist corrosion (left hand)
Wands
 e - a wand of teleportation (1/9)
 q - a wand of enslavement (4/24)
Scrolls
 g - a scroll of magic mapping {unknown}
 i - 5 scrolls of identify {unknown}
 j - 2 scrolls of teleportation {unknown}
 k - 3 scrolls of fog {unknown}
 m - a scroll of remove curse {unknown}
 o - a scroll of recharging {unknown}
 p - 2 scrolls of enchant armour {unknown}
 v - a scroll of amnesia {unknown}
Potions
 n - a potion of cancellation
 r - a potion of lignification {unknown}
 u - 2 potions of degeneration {unknown}
 x - a potion of flight {unknown}
 z - a potion of agility
 A - a potion of ambrosia {unknown}
 B - 3 potions of curing {unknown}
Comestibles
 f - 3 bread rations
 h - 5 meat rations
 l - 4 fruits
 w - a slice of pizza
 C - 3 chunks of flesh


   Skills:
 - Level 3.2 Fighting
 + Level 7.6 Maces & Flails
 - Level 3.2 Armour
 - Level 3.2 Shields


You had 6 spell levels left.
You didn't know any spells.

Dungeon Overview and Level Annotations

Branches:
Dungeon (4/15)
 Temple: D:4-7

Altars:
The Shining One

Annotations:
D:4 kilppis's ghost, novice GrBe


Innate Abilities, Weirdness & Mutations

You are resistant to torment.
Your stone body is resilient. (AC +4)
You are immune to poison.
You resist negative energy. (rN+)
You are resistant to electric shocks. (rElec)
You can survive without breathing.
You are immune to petrification.
You are immune to rotting.


Message History

Kilppis's ghost turns its malevolent gaze towards you.
You see here 14 gold pieces.
You hit kilppis's ghost.
Kilppis's ghost is lightly damaged.
Kilppis's ghost hits you!
You feel very mighty all of a sudden. Kilppis's ghost hits you.
You completely miss kilppis's ghost.
Kilppis's ghost is lightly damaged.
Kilppis's ghost hits you.
You barely miss kilppis's ghost.
Kilppis's ghost is lightly damaged.
Kilppis's ghost hits you.
You closely miss kilppis's ghost.
Kilppis's ghost is lightly damaged.
Kilppis's ghost hits you!
You sock kilppis's ghost!
Kilppis's ghost is moderately damaged.
Kilppis's ghost hits you!
You die...

#...#......... #.†<........
.......W........
...#####...(.... ...
#........ .... #........
#..# ###...#........... #..
##.W..##$#.........
.#.###..##.@...##...........
...........###.##.........!.
#.#......$.................
#..........##........).....
##.>..>.....##.#.#..........
#...........##.#.#..........
#....................)....
#....<.....###.#.#...<.#..
#.........## #.#...##### #


You could see kilppis's ghost.

Vanquished Creatures
  Blork the orc (D:4)
  A scorpion (D:4)
  A howler monkey (D:4)
  3 worker ants
  Robin (D:3)
  11 gnolls
  7 adders
  An ooze (D:1)
  3 worms (D:2)
  2 leopard geckos
  An orc (D:3)
  3 ball pythons (D:3)
  10 bats
  3 giant cockroaches
  14 goblins
  12 hobgoblins
  A jackal (D:2)
  4 quokkas
  6 frilled lizards
  A jackal skeleton (D:3)
  12 kobolds
  9 rats
  3 plants (D:2)
110 creatures vanquished.

Notes
Turn   | Place    | Note
-------+----------+-------------------------------------------
     0 | D:1      | evildog the Gargoyle Fighter began the quest for the Orb.
     0 | D:1      | Reached XP level 1. HP: 14/14 MP: 1/1
    52 | D:1      | Reached XP level 2. HP: 18/19 MP: 2/2
   197 | D:1      | Reached skill level 3 in Maces & Flails
   344 | D:1      | Found a glowing golden altar of the Shining One.
   843 | D:2      | Reached XP level 3. HP: 23/23 MP: 3/3
  1229 | D:2      | Reached skill level 4 in Maces & Flails
  1239 | D:2      | Reached XP level 4. HP: 28/28 MP: 4/4
  1513 | D:2      | Reached skill level 5 in Maces & Flails
  1513 | D:2      | Reached XP level 5. HP: 32/32 MP: 5/5
  2330 | D:3      | Noticed Robin
  2672 | D:3      | Killed Robin
  2753 | D:3      | Found a faded altar of an unknown god.
  2824 | D:3      | Reached skill level 6 in Maces & Flails
  2934 | D:3      | Reached XP level 6. HP: 37/37 MP: 6/6
  3379 | D:4      | Noticed kilppis's ghost (novice GrBe)
  3425 | D:4      | Reached skill level 7 in Maces & Flails
  3597 | D:4      | Noticed Blork the orc
  3597 | D:4      | Reached XP level 7. HP: 41/41 MP: 7/7
  3611 | D:4      | Killed Blork the orc
  3680 | D:4      | Slain by kilppis's ghost

Skill      XL: |  1  2  3  4  5  6 |
---------------+-------------------+-----
Maces & Flails | 3 4 5 6 7 |  7.6
Fighting       | |  3.2
Armour         | |  3.2
Shields        | |  3.2

Action                   |  1- 3 |  4- 6 |  7- 9 || total
-------------------------+-------+-------+-------++-------
Melee: Flail             |   146 |   361 |    26 ||   533
Evoke: Wand              |     1 |       |       ||     1
  Use: Potion            |       |     1 |     1 ||     2
  Eat: Chunk             |     1 |     8 |       ||     9
Armor: Scale mail        |    88 |   187 |    15 ||   290
Dodge: Dodged            |    63 |    94 |     8 ||   165
Block: Shield            |    87 |   154 |     5 ||   246
